 Dungeon Crawl Stone Soup version 0.29.1-13-g9f3cf754e1 (webtiles) character file.

Game seed: 8117493013610278394

79 nshep25 the Slasher (level 4, 0/34 HPs)
             Began as a Demonspawn Gladiator on Jan 27, 2023.
             Slain by a goblin
             ... wielding a +0 club
             ... led by Robin
              (5 damage)
             ... on level 2 of the Dungeon.
             The game lasted 00:03:18 (2044 turns).

nshep25 the Slasher (Demonspawn Gladiator)          Turns: 2044, Time: 00:03:18

Health: 0/34       AC:  5    Str: 14    XL:     4   Next: 16%
Magic:  4/4        EV: 12    Int:  9    God:
Gold:   17         SH:  0    Dex: 17    Spells: 3/3 levels left

rFire   . . .      SeeInvis .   a - +0 long sword
rCold   . . .      Faith    .   (no shield)
rNeg    . . .      Spirit   .   b - +0 leather armour
rPois   .          Reflect  .   (helmet restricted)
rElec   .          Harm     .   (no cloak)
rCorr   .          Rampage  .   (no gloves)
Will    .....                   j - +1 pair of boots
Stlth   +.........              (no amulet)
HPRegen 0.11/turn               (no ring)
MPRegen 0.09/turn               (no ring)

@: no status effects
A: antennae 1, claws 1, demonic magic 1
a: no special abilities


You were on level 2 of the Dungeon.
You visited 1 branch of the dungeon, and saw 2 of its levels.

You collected 17 gold pieces.

Inventory:

Hand Weapons
 a - a +0 long sword (weapon)
Missiles
 d - 3 throwing nets (quivered)
 e - a javelin
Armour
 b - a +0 leather armour (worn)
 c - a +0 helmet
 j - a +1 pair of boots (worn)
 l - an orb of mayhem
Scrolls
 f - a scroll of poison {unknown}
 g - 4 scrolls of identify {unknown}
 h - 2 scrolls of blinking {unknown}
 i - a scroll of immolation {unknown}
Potions
 k - 2 potions of mutation {unknown}


   Skills:
 + Level 2.6 Fighting
 + Level 3.6 Long Blades
 + Level 1.8 Throwing
 + Level 1.1 Armour
 + Level 3.0 Dodging
 + Level 0.2 Stealth


You had 3 spell levels left.
You didn't know any spells.
Your spell library was empty.

Dungeon Overview and Level Annotations

Branches:
Dungeon (2/15)

Altars:

Annotations:
D:2 Robin


Innate Abilities, Weirdness & Mutations

You have a pair of small antennae on your head.
You have sharp fingernails.
Spells you cast may paralyse adjacent enemies.


Message History

You kill the goblin!
The goblin shoots a sling bullet.
The sling bullet barely misses you.
A hobgoblin comes into view.
You barely miss the goblin. The goblin hits you but does no damage.
A hobgoblin comes into view.
You slash the goblin!
You kill the goblin!
You closely miss the goblin. The goblin barely misses you.
Robin roars a battlecry!
The goblins go into a battle-frenzy!
You barely miss the goblin. The goblin hits you but does no damage.
The goblin barely misses you.
You hit the goblin.
You kill the goblin!
The goblin shoots a sling bullet.
The sling bullet hits you. The sling bullet burns you.
Robin says, "My goblins will feast on your bones."
You closely miss the goblin. The goblin misses you.
You hit the goblin.
You kill the goblin!
You closely miss the hobgoblin. The hobgoblin barely misses you.
Robin throws the goblin at you!
The goblin unwields a +2 sling of flaming.
It stops flaming.
The goblin wields a +0 club.
The goblin hits you but does no damage. The hobgoblin completely misses you.
You barely miss the hobgoblin. The goblin barely misses you.
The hobgoblin completely misses you. The goblin hits you with a +0 club.
You hit the hobgoblin.
The hobgoblin is heavily wounded.
The hobgoblin misses you. The goblin hits you with a +0 club.
You hit the goblin.
The goblin is moderately wounded.
The hobgoblin hits you. The goblin hits you with a +0 club.
* * * LOW HITPOINT WARNING * * *
You barely miss the goblin.
The goblin is moderately wounded.
The hobgoblin hits you.
* * * LOW HITPOINT WARNING * * *
The goblin hits you with a +0 club.
You die...

#..[# ####### #...#
....... ##...# .....).
#....# ###....g.. #....#
##.....gg..
######....#####gg#.......
.........#.g@gg##.......
#.#...#...##### #######
##........## ##.........#
.# ...........# .#
.##........#
.##....###....#
....##.###....#
.#............#


You could see Robin, 3 hobgoblins and a goblin (strong).

Vanquished Creatures
  A gnoll (D:1)
  2 adders (D:2)
  A dart slug (D:1)
  2 ball pythons (D:1)
  5 bats
  5 endoplasms
  15 goblins
  A hobgoblin (D:1)
  4 frilled lizards
  4 kobolds
  6 rats
46 creatures vanquished.

Notes
Turn   | Place    | Note
-------+----------+-------------------------------------------
     0 | D:1      | nshep25 the Demonspawn Gladiator began the quest for the
                  | Orb.
     0 | D:1      | Reached XP level 1. HP: 16/16 MP: 1/1
   391 | D:1      | Discovered your monstrous ancestry.
   391 | D:1      | Gained mutation: You have a pair of small antennae on your
                  | head. [demonic ancestry]
   391 | D:1      | Reached XP level 2. HP: 22/22 MP: 2/2
  1019 | D:1      | Gained mutation: You have sharp fingernails. [demonic
                  | ancestry]
  1019 | D:1      | Reached XP level 3. HP: 27/28 MP: 3/3
  1705 | D:2      | Reached skill level 1 in Armour
  1705 | D:2      | Gained mutation: Spells you cast may paralyse adjacent
                  | enemies. [demonic ancestry]
  1705 | D:2      | Reached XP level 4. HP: 6/34 MP: 4/4
  2031 | D:2      | Noticed Robin
  2044 | D:2      | Slain by a goblin

Illustrated notes

Levels and vault maps discovered:
D:1:      onia_arrival_pyramid, layout_basic, serial_forest,
          infiniplex_forest_clump_small, infiniplex_forest_corner_2,
          infiniplex_forest_lined_4_way, infiniplex_forest_clump_double,
          infiniplex_forest_clump_large, infiniplex_forest_lined_3_way,
          infiniplex_forest_clump_small, infiniplex_forest_straight_3,
          infiniplex_forest_lined_3
D:2:      minmay_alternating_diamond, layout_rooms, minmay_close_crescents,
          uniq_robin, uniq_crazy_yiuf_cottage

Skill      XL: |  1  2  3 |
---------------+----------+-----
Long Blades    | 3 |  3.6
Dodging        | 3 |  3.0
Armour         | 1 |  1.1
Fighting       | |  2.6
Throwing       | |  1.8
Stealth        | |  0.2

Action                   |  1- 3 |  4- 6 || total
-------------------------+-------+-------++-------
Melee: Long sword        |    90 |    19 ||   109
 Stab: Distracted        |       |     1 ||     1
Armor: Leather armour    |    25 |     4 ||    29
Dodge: Dodged            |    50 |    13 ||    63
